 Dungeon Crawl Stone Soup version 0.27-a0-679-g77a6b55cf3 (webtiles) character file.

Game seed: 2221408913387738644

1643 robertstho the Chiller (level 8, 0/56 (60) HPs)
             Began as a Gnoll Ice Elementalist on Mar 18, 2021.
             Was an Initiate of Sif Muna.
             Slain by a wight
             ... wielding a +0 long sword
              (10 damage)
             ... on level 7 of the Dungeon.
             The game lasted 00:16:08 (9254 turns).

robertstho the Chiller (Gnoll Ice Elementalist)     Turns: 9254, Time: 00:16:09

HP:   0/56 (60)     AC: 12    Str:  7    XL:     8   Next: 99%
MP:   2/17          EV: 14    Int: 16    God:    Sif Muna [......]
Gold: 149           SH:  0    Dex: 14    Spells: 4/19 levels left

rFire    . . .     SeeInvis .   n - +3 hand axe (venom)
rCold    . . .     Faith    .   (no shield)
rNeg     . . .     Spirit   .   a - +0 robe
rPois    .         Reflect  .   (no helmet)
rElec    .         Harm     .   (no cloak)
rCorr    .         Rampage  .   x - +0 pair of gloves
Will     .....                  e - +0 pair of boots
Stlth    +++.......             (no amulet)
HPRegen  0.18/turn              (no ring)
MPRegen  0.15/turn              (no ring)

@: ice-armoured, drained
A: fangs 1, strong nose, distributed training
a: Renounce Religion


You were on level 7 of the Dungeon.
You worshipped Sif Muna.
Sif Muna was noncommittal.
You visited 1 branch of the dungeon, and saw 7 of its levels.
You also visited: Sewer.

You collected 251 gold pieces.
You spent 102 gold pieces at shops.

Inventory:

Hand Weapons
 b - a +0 short sword
 j - a +4 dagger
 n - a +3 hand axe of venom (weapon)
Armour
 a - a +0 robe (worn)
 e - a +0 pair of boots (worn)
 x - a +0 pair of gloves (worn)
Jewellery
 i - a ring of positive energy
 k - a ring of fire
 q - a ring of positive energy
Wands
 p - a wand of digging (3)
Scrolls
 c - 6 scrolls of teleportation
 d - 5 scrolls of brand weapon
 f - 4 scrolls of identify
 h - 2 scrolls of enchant weapon
 l - a scroll of torment {unknown}
 m - a scroll of magic mapping
 r - a scroll of enchant armour
 s - a scroll of amnesia {unknown}
 u - a scroll of fear
Potions
 g - 2 potions of magic
 o - a potion of mutation
 t - a potion of heal wounds {unknown}
 v - a potion of brilliance {unknown}
 w - a potion of attraction {unknown}


   Skills:
 + Level 3.7 Fighting
 + Level 3.7 Short Blades
 + Level 3.7 Long Blades
 + Level 3.7 Axes
 + Level 3.7 Maces & Flails
 + Level 3.7 Polearms
 + Level 3.7 Staves
 + Level 3.7 Slings
 + Level 3.7 Bows
 + Level 3.7 Crossbows
 + Level 3.7 Throwing
 + Level 3.7 Armour
 + Level 6.0 Dodging
 + Level 5.7 Stealth
 + Level 3.7 Shields
 + Level 3.7 Unarmed Combat
 + Level 6.3 Spellcasting
 + Level 3.1 Conjurations
 + Level 3.1 Hexes
 + Level 3.1 Summonings
 + Level 3.1 Necromancy
 + Level 3.1 Translocations
 + Level 3.1 Transmutations
 + Level 3.1 Fire Magic
 + Level 7.8 Ice Magic
 + Level 3.1 Air Magic
 + Level 3.1 Earth Magic
 + Level 3.1 Poison Magic
 + Level 4.1 Invocations
 + Level 3.7 Evocations


You had 4 spell levels left.
You knew the following spells:

 Your Spells              Type           Power      Damage    Failure   Level
a - Freeze                Ice            100%       1d11      1%          1
b - Frozen Ramparts       Ice            60%        1d8       1%          3
c - Ozocubu's Armour      Ice            30%        N/A       1%          3
d - Hailstorm             Conj/Ice       22%        3d7       14%         4
e - Summon Ice Beast      Ice/Summ       22%        N/A       14%         4

Your spell library contained the following spells:

 Spells                   Type           Power      Damage    Failure   Level
 Confusing Touch          Hex            14%        N/A       11%         3
 Gell's Gravitas          Tloc           7%         N/A       11%         3
 Petrify                  Tmut/Erth      14%        N/A       36%         4
 Metabolic Englaciation   Hex/Ice        11%        N/A       36%         5
 Yara's Violent Unravell  Hex/Tmut       7%         3d5       71%         5


Dungeon Overview and Level Annotations

Branches:
Dungeon (7/15)              Sewer (visited)
 Temple: D:4-7

Altars:
Dithmenos
Hepliaklqana
Ru
Sif Muna
Trog
Uskayaw
Wu Jian
Xom
Yredelemnul

Shops:
D:3 [(?=   D:5 *

Annotations:
D:3 weapon store
D:5 3 runed translucent doors, indyram44's ghost, novice FoFi


Innate Abilities, Weirdness & Mutations

You have very sharp teeth.
Your uncanny sense of smell can sniff out nearby items.
Your experience applies equally to all skills.


Message History

The wight is heavily damaged.
The wight hits you with a +2 trident!
You hit the wight.
The wight is severely damaged.
The wight hits you with a +2 trident!
You feel drained.
Casting: Summon Ice Beast (dangerous; 14% risk of failure)
Confirm with . or Enter, or press ? or * to list all spells.
A film of ice covers your body! The wight hits you but does no damage.
You hit the wight but do no damage.
The wight is severely damaged.
The wight closely misses you.
You slash the wight!
You destroy the wight!
Sif Muna accepts your kill.
You barely miss the wight. You bite the wight, but do no damage.
The wight misses you.
You barely miss the wight.
The wight hits you with a +0 long sword!
* * * LOW HITPOINT WARNING * * *
You hit the wight.
The wight is lightly damaged.
The wight closely misses you.
You closely miss the wight.
The wight is lightly damaged.
The wight hits you with a +0 long sword!
* * * LOW HITPOINT WARNING * * *
You hit the wight but do no damage. You bite the wight, but do no damage.
The wight is lightly damaged.
The wight barely misses you.
You hit the wight.
The wight is lightly damaged.
The wight closely misses you.
You barely miss the wight.
The wight is lightly damaged.
The wight closely misses you.
You hit the wight but do no damage.
The wight is lightly damaged.
The wight hits you but does no damage.
The wight hits you with a +0 long sword!
You die...

#.#..#..# #.##)..##
#.######
#######.########
#.#...............
#........z########
#...#####.############
#...#####............#
#.....@z......#########
##..#####.###.#######.#
#...# #.# #..........
#.<.####.###########..
#.<..........# ###
###.########.# # ##.##
#.# # ##...## #.# ###
##.....## #.# #..


You could see a wight.

Vanquished Creatures
  Edmund (D:6)
  An ice beast (D:6)
  An ogre (D:5)
  A centaur (D:6)
  2 kobold brigands (Sewer)
  A nameless horror (D:6)
  3 bullfrogs (D:6)
  2 water moccasin skeletons (D:5)
  A wight (D:7)
  A howler monkey (D:5)
  A bullfrog zombie (D:5)
  An orc priest (D:4)
  A hound (D:6)
  A centaur skeleton (D:7)
  2 iguanas (D:5)
  3 orc wizards
  3 worker ants
  A hound zombie (D:6)
  6 gnolls
  16 adders
  2 river rats (Sewer)
  2 white imps (D:6)
  An ufetubus (D:6)
  6 oozes
  An adder zombie (D:6)
  3 adder skeletons
  5 worms
  2 leopard geckos
  13 orcs
  12 bats
  6 giant cockroaches
  5 goblins
  7 hobgoblins
  4 jackals (D:2)
  17 kobolds
  3 quokkas
  5 ball pythons
  5 frilled lizards
  A jackal skeleton (D:4)
  3 jackal zombies (D:5)
  2 leopard gecko skeletons
  A quokka zombie (D:6)
  11 rats
  A spectral orc (D:2)
167 creatures vanquished.

Vanquished Creatures (collateral kills)
  A wight (D:7)
  A gnoll shaman (D:6)
  A gnoll (D:6)
3 creatures vanquished.

Vanquished Creatures (others)
  A hound (D:5)
  A worker ant (D:5)
  A worm (D:5)
3 creatures vanquished.

Grand Total: 173 creatures vanquished

Notes
Turn   | Place    | Note
-------+----------+-------------------------------------------
     0 | D:1      | robertstho the Gnoll Ice Elementalist began the quest for
                  | the Orb.
     0 | D:1      | Reached XP level 1. HP: 13/13 MP: 6/6
   388 | D:1      | Reached XP level 2. HP: 19/19 MP: 7/7
  1322 | D:2      | Reached skill level 5 in Spellcasting
  1322 | D:2      | Reached XP level 3. HP: 13/25 MP: 2/9
  1557 | D:2      | Reached skill level 1 in Invocations
  1645 | D:2      | Reached skill level 1 in Fighting
  1645 | D:2      | Reached skill level 1 in Short Blades
  1645 | D:2      | Reached skill level 1 in Long Blades
  1645 | D:2      | Reached skill level 1 in Axes
  1645 | D:2      | Reached skill level 1 in Maces & Flails
  1645 | D:2      | Reached skill level 1 in Polearms
  1645 | D:2      | Reached skill level 1 in Staves
  1645 | D:2      | Reached skill level 1 in Slings
  1645 | D:2      | Reached skill level 1 in Bows
  1645 | D:2      | Reached skill level 1 in Crossbows
  1645 | D:2      | Reached skill level 1 in Throwing
  1645 | D:2      | Reached skill level 1 in Armour
  1645 | D:2      | Reached skill level 1 in Shields
  1645 | D:2      | Reached skill level 1 in Unarmed Combat
  1645 | D:2      | Reached skill level 1 in Evocations
  1720 | D:2      | Reached XP level 4. HP: 27/32 MP: 9/11
  1988 | D:2      | Learned a level 3 spell: Frozen Ramparts
  1992 | D:2      | Learned a level 3 spell: Ozocubu's Armour
  2162 | D:2      | Reached skill level 1 in Conjurations
  2162 | D:2      | Reached skill level 1 in Hexes
  2162 | D:2      | Reached skill level 1 in Summonings
  2162 | D:2      | Reached skill level 1 in Necromancy
  2162 | D:2      | Reached skill level 1 in Translocations
  2162 | D:2      | Reached skill level 1 in Transmutations
  2162 | D:2      | Reached skill level 1 in Fire Magic
  2162 | D:2      | Reached skill level 1 in Air Magic
  2162 | D:2      | Reached skill level 1 in Earth Magic
  2162 | D:2      | Reached skill level 1 in Poison Magic
  2518 | D:2      | Found a hazy altar of Hepliaklqana.
  2628 | D:3      | Reached XP level 5. HP: 37/37 MP: 12/12
  2634 | D:3      | Found Womn's Antique Armour Emporium.
  2679 | D:3      | Found Gicveh's Magic Scroll Boutique.
  2724 | D:3      | Bought a scroll of noise for 14 gold pieces
  2724 | D:3      | Bought a scroll of identify for 28 gold pieces
  2811 | D:3      | Found Bimoh's Jewellery Emporium.
  2814 | D:3      | Found Vuunk's Antique Weapon Shoppe.
  2903 | D:3      | Learned a level 4 spell: Hailstorm
  3633 | D:4      | Reached XP level 6. HP: 31/44 MP: 1/13
  3989 | D:4      | Found a sacrificial altar of Ru.
  4015 | D:4      | Reached skill level 5 in Dodging
  4443 | D:5      | Entered Level 5 of the Dungeon
  4676 | D:5      | Found a shimmering altar of Xom.
  4692 | D:5      | Reached XP level 7. HP: 34/50 MP: 15/15
  4799 | D:5      | Found Keetashreli's General Store.
  4805 | D:5      | Bought a scroll of identify for 30 gold pieces
  4805 | D:5      | Bought a scroll of identify for 30 gold pieces
  5216 | D:5      | Found a runed translucent gate.
  5216 | D:5      | Found a runed translucent gate.
  5216 | D:5      | Found a runed translucent gate.
  5216 | D:5      | Noticed indyram44's ghost (novice FoFi)
  5218 | D:5      | Found a basalt altar of Yredelemnul.
  5458 | D:6      | Noticed Edmund
  5814 | D:6      | Reached skill level 5 in Stealth
  6168 | D:6      | Found a glowing drain.
  6198 | Sewer    | Entered a sewer
  6420 | Sewer    | Reached XP level 8. HP: 50/57 MP: 13/16
  6990 | D:6      | Found a bloodstained altar of Trog.
  6993 | D:6      | Found a shadowy altar of Dithmenos.
  7008 | D:6      | Found an ornate altar of the Wu Jian Council.
  7011 | D:6      | Found a hide-covered altar of Uskayaw.
  7518 | D:5      | Learned a level 4 spell: Summon Ice Beast
  7577 | D:6      | Killed Edmund
  7994 | D:6      | Found a shimmering blue altar of Sif Muna.
  8009 | D:6      | Became a worshipper of Sif Muna the Loreminder
  9254 | D:7      | Slain by a wight

Illustrated notes

Levels and vault maps discovered:
D:1:      nicolae_arrival_memento_mori, layout_basic
D:2:      layout_loops_ring, nicolae_hepliaklqana_monster_ancestors
D:3:      layout_rooms, serial_shops, shop, nicolae_shop_waterfront, shop, shop
D:4:      layout_cave_pools, nicolae_ru_great_annihilating_truth
D:5:      layout_loops_ring, nicolae_yredelemnul_ghost_church, serial_shops,
          nicolae_shop_crystal, grunt_decor_one_mirror, xom_confusion_cloud
D:6:      layout_cave_pods, kennysheep_mini_moat,
          grunt_temple_overflow_cloverleaf, portal_sewer_entry_a,
          kennysheep_generic_room_13, uniq_edmund
D:7:      minmay_klotski, layout_loops_ring, minmay_temple_entry_mist

Skill      XL: |  1  2  3  4  5  6  7  8 |
---------------+-------------------------+-----
Spellcasting   | 5 6 |  6.3
Invocations    | 1 2 3 4 |  4.1
Fighting       | 1 2 3 |  3.7
Short Blades   | 1 2 3 |  3.7
Long Blades    | 1 2 3 |  3.7
Axes           | 1 2 3 |  3.7
Maces & Flails | 1 2 3 |  3.7
Polearms       | 1 2 3 |  3.7
Staves         | 1 2 3 |  3.7
Slings         | 1 2 3 |  3.7
Bows           | 1 2 3 |  3.7
Crossbows      | 1 2 3 |  3.7
Throwing       | 1 2 3 |  3.7
Armour         | 1 2 3 |  3.7
Shields        | 1 2 3 |  3.7
Unarmed Combat | 1 2 3 |  3.7
Evocations     | 1 2 3 |  3.7
Conjurations   | 1 2 3 |  3.1
Hexes          | 1 2 3 |  3.1
Summonings     | 1 2 3 |  3.1
Necromancy     | 1 2 3 |  3.1
Translocations | 1 2 3 |  3.1
Transmutations | 1 2 3 |  3.1
Fire Magic     | 1 2 3 |  3.1
Air Magic      | 1 2 3 |  3.1
Earth Magic    | 1 2 3 |  3.1
Poison Magic   | 1 2 3 |  3.1
Dodging        | 5 6 |  6.0
Stealth        | 5 |  5.7
Ice Magic      | |  7.8

Action                   |  1- 3 |  4- 6 |  7- 9 || total
-------------------------+-------+-------+-------++-------
Melee: Unarmed           |    13 |       |       ||    13
       Short sword       |    48 |    18 |       ||    66
       Bite              |     4 |    13 |    16 ||    33
       Dagger            |       |    75 |       ||    75
       Hand axe          |       |    76 |   172 ||   248
       Punch             |       |     1 |     2 ||     3
 Cast: Freeze            |    17 |     9 |       ||    26
       Frozen Ramparts   |       |    11 |    20 ||    31
       Hailstorm         |       |     4 |     1 ||     5
       Ozocubu's Armour  |       |     1 |     1 ||     2
       Summon Ice Beast  |       |       |    10 ||    10
  Use: Scroll            |       |     5 |     8 ||    13
       Potion            |       |       |     1 ||     1
 Stab: Sleeping          |    12 |    11 |     4 ||    27
       Distracted        |     1 |       |       ||     1
       Invisible         |       |     1 |       ||     1
       Paralysed         |       |     1 |       ||     1
Armor: Robe              |    15 |    37 |    26 ||    78
Dodge: Dodged            |    46 |   134 |   142 ||   322

Table legend: (Time is in decaauts)
 A = Elapsed time spent in this place.
 B = Non-inter-level travel time spent in this place.
 C = Inter-level travel time spent in this place.
 D = Time resting spent in this place.
 E = Time spent auto-exploring this place.
 F = Levels seen in this place.
 G = Mean time per level.
                   A        B        C        D        E       F      G
               +--------+--------+--------+--------+--------+-----+--------+
         Total |   9446 |   9207 |    239 |    777 |   6995 |   8 | 1180.8 |
       Dungeon |   8526 |   8287 |    239 |    777 |   6278 |   7 | 1218.0 |
         Sewer |    920 |    920 |      0 |      0 |    717 |   1 |  920.0 |
               +--------+--------+--------+--------+--------+-----+--------+

Top non-repeatable levels by time:
     D:6: 1943 daAuts
     D:5: 1869 daAuts
     D:1: 1314 daAuts
     D:2: 1312 daAuts
     D:4: 952 daAuts
   Sewer: 920 daAuts
     D:3: 868 daAuts
     D:7: 265 daAuts
